 Dungeon Crawl Stone Soup version 0.24.1-14-gf8d2b509d9 (webtiles) character file.

Game seed: 5227153215043173504, levelgen mode: deterministic

476 Gabide the Cudgeler (level 7, 0/43 HPs)
             Began as a Kobold Abyssal Knight on May 23, 2020.
             Was a Priest of Lugonu.
             Succumbed to a centaur's poison
             ... on level 5 of the Dungeon.
             The game lasted 00:13:48 (5584 turns).

Gabide the Cudgeler (Kobold Abyssal Knight)         Turns: 5584, Time: 00:13:49

Health: 0/43       AC:  8    Str: 11    XL:     7   Next: 33%
Magic:  9/9        EV: 14    Int: 14    God:    Lugonu [***...]
Gold:   227        SH:  0    Dex: 14    Spells: 6/6 levels left

rFire    . . .     SeeInvis .   e - +1 whip (flame)
rCold    . . .     Gourm    .   (shield restricted)
rNeg     . . .     Faith    .   m - +1 ring mail
rPois    +         Spirit   .   (no helmet)
rElec    .         Reflect  .   p - +0 cloak
rCorr    .         Harm     .   l - +0 pair of gloves
MR       ++...                  (no boots)
Stlth    +.........             g - amulet of regeneration
HPRegen  0.14/turn              h - ring of protection from magic
MPRegen  0.11/turn              j - ring of protection from magic

@: lethally poisoned (0 -> -10)
A: small, thin skeletal structure 1, carnivore, clumsy 1, poison resistance
a: Depart the Abyss, Bend Space, Banish, Renounce Religion


You were on level 5 of the Dungeon.
You worshipped Lugonu.
Lugonu was most pleased with you.
You were very full.

You visited 1 branch of the dungeon, and saw 5 of its levels.
You visited the Abyss 1 time.

You collected 227 gold pieces.

Inventory:

Hand Weapons
 a - a +1 mace
 e - a +1 whip of flaming (weapon)
Armour
 l - a +0 pair of gloves (worn)
 m - a +1 ring mail (worn)
 p - a +0 cloak (worn)
Jewellery
 g - an amulet of regeneration (around neck)
 h - a ring of protection from magic (left hand)
 i - an uncursed ring of flight
 j - a ring of protection from magic (right hand)
Wands
 q - a wand of flame (22)
Scrolls
 d - 2 scrolls of teleportation
 r - a scroll of fear {unknown}
Comestibles
 c - 10 rations


   Skills:
 + Level 4.1 Fighting
 * Level 4.6 Maces & Flails
 + Level 2.6 Armour
 * Level 4.2 Dodging
 * Level 3.1 Invocations


You had 6 spell levels left.
You didn't know any spells.
Your spell library was empty.

Dungeon Overview and Level Annotations

Branches:
Dungeon (5/15)
 Temple: D:4-7

Altars:
Nemelex Xobeh


Innate Abilities, Weirdness & Mutations

You are small and have problems with some larger weapons.
You are carnivorous and can eat meat at any time.
You have a somewhat thin skeletal structure. (Dex +2, Stealth)
You are clumsy. (Dex -2)
Your system is resistant to poisons. (rPois)


Message History

* * * LOW HITPOINT WARNING * * *
You feel sick.
The centaur shoots an arrow.
The arrow misses you.
Found a leather armour.
Your surroundings suddenly seem different.
* * * LOW HITPOINT WARNING * * *
You feel sick.
Found 18 sling bullets.
Found a stone staircase leading down.
A frilled lizard and a centaur come into view.
There is a stone staircase leading down here.
It was a potion of cancellation.
Your magical effects are unravelling.
You feel magically purged.
You feel yourself slow down.
* * * LOW HITPOINT WARNING * * *
You feel sick.
The centaur shouts!
The frilled lizard hisses angrily.
The centaur wields a +0 shortbow.
The centaur shoots an arrow.
The arrow hits you but does no damage.
It was a potion of magic.
Magic courses through your body.
You die...

#...........#....#
#...........#....#
#..#######.####.## ##
######..##.####.## ...
.......#..(.#... ...
...[...#....#... ..
.......'(...#...
#####'############(#####
.......@...........c....
........................
......l.................
.......(................
.c......................
########################


You could see a centaur and a frilled lizard.

Vanquished Creatures
  An ogre (D:3)
  A scorpion (D:5)
  An orc priest (D:4)
  2 orc wizards
  Ijyb (D:5)
  2 worker ants
  8 adders
  An ooze (D:4)
  3 worms
  12 dart slugs (D:3)
  2 leopard geckos
  10 orcs
  5 bats
  4 giant cockroaches
  6 goblins
  13 hobgoblins
  A quokka (D:4)
  2 ball pythons
  5 frilled lizards
  5 kobolds
  A leopard gecko skeleton (D:4)
  A leopard gecko zombie (D:2)
  A quokka skeleton (D:4)
  6 rats
94 creatures vanquished.

Notes
Turn   | Place    | Note
-------+----------+-------------------------------------------
     0 | Abyss:1  | Gabide the Kobold Abyssal Knight began the quest for the
                  | Orb.
     0 | Abyss:1  | Reached XP level 1. HP: 14/14 MP: 2/2
    41 | Abyss:1  | Noticed a great orb of eyes
    85 | Abyss:1  | Noticed a neqoxec
    86 | Abyss:1  | Noticed a wight
    91 | Abyss:1  | Noticed a hellwing
    91 | Abyss:1  | Noticed a smoke demon
    92 | D:1      | Escaped the Abyss
   267 | D:1      | Reached * piety under Lugonu
   267 | D:1      | Reached XP level 2. HP: 14/19 MP: 3/3
   635 | D:1      | Reached skill level 1 in Armour
   649 | D:1      | Reached XP level 3. HP: 21/23 MP: 4/4
  1699 | D:2      | Reached XP level 4. HP: 29/29 MP: 5/5
  2549 | D:3      | Reached ** piety under Lugonu
  2743 | D:3      | Reached XP level 5. HP: 30/33 MP: 6/6
  3751 | D:4      | Noticed an ogre
  4223 | D:3      | Killed an ogre
  4223 | D:3      | Reached XP level 6. HP: 38/38 MP: 6/8
  4792 | D:4      | Found a sparkling altar of Nemelex Xobeh.
  5050 | D:5      | Entered Level 5 of the Dungeon
  5078 | D:5      | Reached *** piety under Lugonu
  5078 | D:5      | Reached XP level 7. HP: 27/43 MP: 9/9
  5275 | D:5      | Noticed Ijyb
  5302 | D:5      | Killed Ijyb
  5577 | D:5      | Gained mutation: You are clumsy. (Dex -2) [potion of
                  | mutation]
  5577 | D:5      | Gained mutation: You have a somewhat thin skeletal
                  | structure. (Dex +2, Stealth) [potion of mutation]
  5577 | D:5      | Gained mutation: Your system is resistant to poisons.
                  | (rPois) [potion of mutation]
  5582 | D:5      | HP: 2/43 [poisoned by a centaur]
  5584 | D:5      | Succumbed to a centaur's poison

Levels and vault maps discovered:
D:1:      grunt_arrival_lava_bath, layout_loops_ring, solitary_fountain
D:2:      layout_basic, chequers_serial_rivers_room_a
D:3:      kennysheep_slugbush, layout_loops_corners, first_ration,
          minmay_misc_feat_hallway
D:4:      layout_basic, nemelex_dance_club_becter
D:5:      layout_gridville, enter_ossuary_2, uniq_sigmund, uniq_menkaure,
          uniq_ijyb, uniq_crazy_yiuf_cottage

Skill      XL: |  1  2  3  4  5  6 |
---------------+-------------------+-----
Maces & Flails | 2 3 4 |  4.6
Armour         | 1 2 |  2.6
Dodging        | 3 4 |  4.2
Fighting       | 4 |  4.1
Invocations    | 3 |  3.1

Action                   |  1- 3 |  4- 6 |  7- 9 || total
-------------------------+-------+-------+-------++-------
Melee: Mace              |    12 |       |       ||    12
       Whip              |    95 |   219 |    55 ||   369
Invok: Depart the Abyss  |     1 |       |       ||     1
       Bend Space        |       |     1 |       ||     1
  Use: Scroll            |     6 |     6 |     1 ||    13
       Potion            |       |     4 |     6 ||    10
  Eat: Chunk             |    11 |     9 |     2 ||    22
Armor: Leather armour    |    13 |       |       ||    13
       Ring mail         |     4 |    74 |    16 ||    94
Dodge: Dodged            |    68 |   155 |    34 ||   257
